 Dungeon Crawl Stone Soup version 0.29.1-12-g30fa7ad0bf (webtiles) character file.

Game seed: 850523171390960251

89 mopl the Shooter (level 4, -2/33 HPs)
             Began as a Formicid Hunter on Jan 16, 2023.
             Slain by a gnoll
             ... wielding a +0 spear
              (4 damage)
             ... on level 3 of the Dungeon.
             The game lasted 00:02:46 (2054 turns).

mopl the Shooter (Formicid Hunter)                  Turns: 2054, Time: 00:02:47

Health: -2/33      AC:  8    Str: 18    XL:     4   Next: 84%
Magic:  4/4        EV: 11    Int:  8    God:
Gold:   109        SH:  4    Dex: 17    Spells: 3/3 levels left

rFire   + . .      SeeInvis +   a - +0 shortbow
rCold   . . .      Faith    .   w - +0 buckler
rNeg    . . .      Spirit   .   x - +0 ring mail
rPois   .          Reflect  .   (helmet unavailable)
rElec   .          Harm     .   (no cloak)
rCorr   .          Rampage  .   (no gloves)
Will    .....                   m - +2 pair of boots
Stlth   +.........              (no amulet)
HPRegen 0.11/turn               r - ring of protection from fire
MPRegen 0.09/turn               (no ring)

@: mighty
A: permanent stasis, dig shafts and tunnels, antennae 3, four strong arms
a: Dig, Shaft Self


You were on level 3 of the Dungeon.
You visited 1 branch of the dungeon, and saw 3 of its levels.

You collected 109 gold pieces.

Inventory:

Hand Weapons
 a - a +0 shortbow (weapon)
Missiles
 p - 2 poisoned darts
Armour
 c - a +0 leather armour
 m - a +2 pair of boots (worn)
 w - a +0 buckler (worn)
 x - a +0 ring mail (worn)
Jewellery
 r - a ring of protection from fire (left hand)
Wands
 t - a wand of iceblast (8)
 v - a wand of quicksilver (6)
Scrolls
 b - a scroll of immolation
 d - 2 scrolls of vulnerability {unknown}
 f - a scroll of poison {unknown}
 h - a scroll of teleportation {unknown}
 i - 5 scrolls of identify {unknown}
 k - a scroll of torment {unknown}
 l - a scroll of amnesia {unknown}
 o - 3 scrolls of blinking {unknown}
 s - a scroll of acquirement {unknown}
Potions
 e - 2 potions of ambrosia {unknown}
 g - 5 potions of might
 j - 3 potions of curing {unknown}
 n - a potion of lignification {unknown}
 q - a potion of heal wounds {unknown}
 u - 3 potions of mutation {unknown}


   Skills:
 - Level 2.1 Fighting
 * Level 5.8 Ranged Weapons
 - Level 1.7 Dodging
 - Level 1.2 Stealth
 + Level 0.7 Shields


You had 3 spell levels left.
You didn't know any spells.
Your spell library contained the following spells:

 Spells                   Type           Power      Damage    Failure   Level
 Ensorcelled Hibernation  Hex/Ice        0%         N/A       83%         2
 Frozen Ramparts          Ice            0%         1d1       96%         3
 Spider Form              Tmut/Pois      0%         N/A       96%         3
 Anguish                  Hex/Necr       0%         N/A       100%        4
 Ice Form                 Ice/Tmut       0%         N/A       100%        4
 Summon Ice Beast         Ice/Summ       0%         N/A       100%        4


Dungeon Overview and Level Annotations

Branches:
Dungeon (3/15)

Altars:
Yredelemnul


Innate Abilities, Weirdness & Mutations

You cannot be hasted, slowed, berserked, paralysed or teleported.
You can dig through walls and to a lower floor.
You have a pair of large antennae on your head. (SInv)
Your four strong arms can wield two-handed weapons with a shield.


Message History

The hobgoblin misses you.
The gnoll hits you from afar with a +0 spear.
The gnoll hits you with a +0 club!
You shoot an arrow.
The arrow hits the gnoll but does no damage.
The gnoll is heavily wounded.
The hobgoblin barely misses you. The gnoll barely misses you.
You block the gnoll's attack. The gnoll closely misses you. x2
The hobgoblin hits you with a +0 club.
You shoot an arrow. The arrow hits the gnoll.
The gnoll is severely wounded.
The hobgoblin hits you but does no damage.
The gnoll hits you from afar with a +0 spear.
You block the gnoll's attack.
You shoot an arrow. The arrow barely misses the gnoll.
The hobgoblin hits you but does no damage.
The gnoll hits you from afar with a +0 spear!
The gnoll hits you with a +0 club.
* * * LOW HITPOINT WARNING * * *
The hobgoblin hits you with a +0 club.
* * * LOW HITPOINT WARNING * * *
It was a potion of might.
You feel very mighty all of a sudden.
The gnoll hits you from afar with a +0 spear.
* * * LOW HITPOINT WARNING * * *
The hobgoblin barely misses you.
Non-targeted abil: Dig
Press: ? - help, Q - select action, (/) - cycle Dir - look around, f - activate Look: a gnoll, wielding a +0 club (severely wounded)
You extend your mandibles.
Unknown command.
Unknown command.
Fire: a) +0 shortbow
Press: ? - help, Shift-Dir - straight line, f/p - gnoll
Aim: a gnoll, wielding a +0 club (severely wounded, 66% to hit)
You shoot an arrow. The arrow hits the gnoll.
You kill the gnoll!
You block the hobgoblin's attack.
The gnoll hits you from afar with a +0 spear.
You die...

...............
...............
.~).).~~~~~~~
~~....~~~≈~~
~.....~~~≈≈~
~...).~~≈≈≈≈
###))######## #######
{#....# ......#.....##
#....# ......g.@....##
##....#########g).....#
#......#..............#
+......)))..).........+
#.....)#.......)......#
##....#########.......#
#....# { +......##
#....# { { #.....##
###### #######


You could see a gnoll and a hobgoblin.

Vanquished Creatures
  A gnoll (D:3)
  3 adders
  2 worms
  A dart slug (D:2)
  An orc (D:3)
  3 endoplasms
  2 giant cockroaches
  16 goblins
  6 hobgoblins
  2 quokkas
  5 ball pythons
  A bat (D:1)
  2 frilled lizards
  4 kobolds
  2 rats (D:2)
51 creatures vanquished.

Notes
Turn   | Place    | Note
-------+----------+-------------------------------------------
     0 | D:1      | mopl the Formicid Hunter began the quest for the Orb.
     0 | D:1      | Reached XP level 1. HP: 16/16 MP: 1/1
   182 | D:1      | Reached XP level 2. HP: 21/22 MP: 2/2
   918 | D:2      | Reached XP level 3. HP: 27/27 MP: 3/3
   924 | D:2      | Reached skill level 5 in Ranged Weapons
  1205 | D:2      | Reached XP level 4. HP: 32/33 MP: 4/4
  1206 | D:2      | Found a basalt altar of Yredelemnul.
  2054 | D:3      | Slain by a gnoll

Illustrated notes

Levels and vault maps discovered:
D:1:      elethiomel_arrival_maze, layout_loops_ring, minmay_tromino_mix6
D:2:      layout_basic, basic_altar
D:3:      minmay_goblin_kobold_castle, layout_loops_cross

Skill      XL: |  1  2  3 |
---------------+----------+-----
Ranged Weapons | 5 |  5.8
Fighting       | |  2.1
Dodging        | |  1.7
Stealth        | |  1.2
Shields        | |  0.7

Action                   |  1- 3 |  4- 6 || total
-------------------------+-------+-------++-------
 Fire: Shortbow          |    77 |    76 ||   153
 Abil: Dig               |     3 |     1 ||     4
  Use: Potion            |       |     1 ||     1
Armor: Leather armour    |    11 |     8 ||    19
       Ring mail         |       |    18 ||    18
Dodge: Dodged            |    17 |    38 ||    55
Block: Buckler           |       |    11 ||    11
